 Dungeon Crawl Stone Soup version 0.26-a0-610-g3e9335b (webtiles) character file.

Game seed: 11806090967087872699

23 B1Gdaddy5 the Grave Robber (level 2, -2/19 HPs)
             Began as a Vampire Necromancer on Sept 3, 2020.
             Slain by a hobgoblin
             ... wielding a +0 club
              (4 damage)
             ... on level 1 of the Dungeon.
             The game lasted 00:09:58 (561 turns).

B1Gdaddy5 the Grave Robber (Vampire Necromancer)     Turns: 561, Time: 00:09:58

Health: -2/19      AC:  2    Str:  7    XL:     2   Next: 75%
Magic:  0/5        EV: 13    Int: 17    God:
Gold:   17         SH:  0    Dex: 14    Spells: 3/5 levels left

rFire    + . .     SeeInvis +   g - +0 dagger
rCold    . . .     Faith    .   (no shield)
rNeg     . . .     Spirit   .   a - +0 robe
rPois    .         Reflect  .   (helmet restricted)
rElec    +         Harm     .   (no cloak)
rCorr    .                      (no gloves)
MR       .....                  (no boots)
Stlth    ++........             (no amulet)
HPRegen  0.26/turn              (no ring)
MPRegen  0.09/turn              (no ring)

@: regenerating quickly
A: antennae 1, fangs 3, see invisible, fire resistance 1, electricity
resistance, unbreathing, sturdy frame 1
a: Exsanguinate


You were on level 1 of the Dungeon.
You visited 1 branch of the dungeon, and saw 1 of its levels.

You collected 17 gold pieces.

Inventory:

Hand Weapons
 b - a +0 club
 g - a +0 dagger (weapon)
Armour
 a - a +0 robe (worn)
Scrolls
 c - a scroll of immolation {unknown}
 f - a scroll of identify {unknown}
Potions
 e - a potion of degeneration {unknown}


   Skills:
 + Level 2.3 Dodging
 + Level 3.2 Stealth
 + Level 2.4 Spellcasting
 + Level 4.9 Necromancy


You had 3 spell levels left.
You knew the following spells:

 Your Spells              Type           Power        Failure   Level
a - Pain                  Necr           ###.         2%          1
b - Animate Skeleton      Necr           ###...       2%          1

Your spell library contained the following spells:

 Spells                   Type           Power        Failure   Level
 Vampiric Draining        Necr           ###.......   8%          3
 Animate Dead             Necr           ###.......   24%         4
 Agony                    Necr           ###.....     56%         5


Dungeon Overview and Level Annotations

Branches:
Dungeon (1/15)

Altars:


Innate Abilities, Weirdness & Mutations

Your natural rate of healing is unusually fast.
You have razor-sharp teeth.
You have supernaturally acute eyesight. (SInv)
You can survive without breathing.
You have a pair of small antennae on your head.
Your flesh is heat resistant. (rF+)
You are resistant to electric shocks. (rElec)
Your movements are slightly less encumbered by armour. (ER -2)


Message History

Casting: Pain (safe; 2% risk of failure)
Confirm with . or Enter, or press ? or * to list all spells.
Aiming: Pain (safe; 2% risk of failure)
Press: ? - help, Shift-Dir - straight line, f/p - ooze
Aim: an ooze (almost dead, chance to defeat MR: 78%)
The ooze writhes in agony.
You kill the ooze!
It was a potion of mutation.
You feel extremely strange. A pair of antennae grows on your head!
You feel less encumbered by your armour.
You feel resistant to heat.
You feel insulated. The hobgoblin misses you.
You hit the hobgoblin but do no damage. The hobgoblin hits you with a +0 club.
* * * LOW HITPOINT WARNING * * *
You hit the hobgoblin but do no damage. The hobgoblin barely misses you.
You hit the hobgoblin but do no damage. The hobgoblin misses you.
You hit the hobgoblin.
The hobgoblin is almost dead.
The hobgoblin hits you with a +0 club.
You die...

########## #........#
#........# #........##
#........#. #..........
######..... ###
####..##.# #@#
###......... #g#
##...........
#K####............
##..........[......
######.......#..........
#.........####..........
........### #..........
.######(.# #..........
.......)..####.........#


You could see a hobgoblin and a kobold.

Vanquished Creatures
  An ooze (D:1)
  A dart slug (D:1)
  3 hobgoblins (D:1)
  2 jackals (D:1)
  2 kobolds (D:1)
  A ball python (D:1)
  3 bats (D:1)
  2 frilled lizards (D:1)
  3 goblins (D:1)
  A rat (D:1)
19 creatures vanquished.

Notes
Turn   | Place    | Note
-------+----------+-------------------------------------------
     0 | D:1      | B1Gdaddy5 the Vampire Necromancer began the quest for the
                  | Orb.
     0 | D:1      | Reached XP level 1. HP: 13/13 MP: 3/3
     2 | D:1      | Learned a level 1 spell: Animate Skeleton
   143 | D:1      | Reached XP level 2. HP: 6/19 MP: 3/5
   557 | D:1      | Gained mutation: You have a pair of small antennae on your
                  | head. [potion of mutation]
   557 | D:1      | Gained mutation: Your movements are slightly less
                  | encumbered by armour. (ER -2) [potion of mutation]
   557 | D:1      | Gained mutation: Your flesh is heat resistant. (rF+)
                  | [potion of mutation]
   557 | D:1      | Gained mutation: You are resistant to electric shocks.
                  | (rElec) [potion of mutation]
   561 | D:1      | Slain by a hobgoblin

Illustrated notes

Levels and vault maps discovered:
D:1:      lightli_arrival_noodles, layout_rooms

Action                   || total
-------------------------++-------
Melee: Unarmed           ||    17
       Club              ||    30
       Bite              ||     5
       Dagger            ||    11
 Cast: Pain              ||    26
       Animate Skeleton  ||     1
  Use: Potion            ||     1
Armor: Robe              ||    36
Dodge: Dodged            ||   112

Table legend: (Time is in decaauts)
 A = Elapsed time spent in this place.
 B = Non-inter-level travel time spent in this place.
 C = Inter-level travel time spent in this place.
 D = Time resting spent in this place.
 E = Time spent auto-exploring this place.
 F = Levels seen in this place.
 G = Mean time per level.
                   A        B        C        D        E       F      G
               +--------+--------+--------+--------+--------+-----+--------+
         Total |    569 |    569 |      0 |    253 |     23 |   1 |  569.0 |
       Dungeon |    569 |    569 |      0 |    253 |     23 |   1 |  569.0 |
               +--------+--------+--------+--------+--------+-----+--------+

Top non-repeatable levels by time:
     D:1: 569 daAuts
